[ AOE2 MATCH · #482855152 ]
1v1 RMGoths vs Berbers
Player's team · LOSS
Rival team · WIN
[ REPLAY ANALYSIS · EXTRACTED FROM THE RECORDED GAME ]
Feudal
11:43
Castle
24:41
Imperial
—
| APM avg | 34.6 |
| APM peak | 96 |
| eAPM avg | 21.7 |
| Villagers / military | 124 / 59 |
Focus
⚔️ 22.7% · 🌾 77.3%
Huskarl ×31 · Militia ×11 · Mangonel ×8 · Petard ×4 · Battering Ram ×3 · Spearman ×2
Feudal
10:32
Castle
25:06
Imperial
40:03
| APM avg | 45.9 |
| APM peak | 76 |
| eAPM avg | 27.4 |
| Villagers / military | 180 / 73 |
Focus
⚔️ 38.6% · 🌾 61.4%
Camel Archer ×23 · Militia ×18 · Archer ×16 · Trebuchet (Packed) ×6 · Mangonel ×4 · Scorpion ×3
Match map
Initial resources + every placement click. Lines = walls · curves = elevation contours. ◆ gold · ⬟ stone · ● berries · ✦ relic · ◌ wall gap
Your base· Open — 4t gap
Sturdy Badger's base· Open — unwalled flank
Smoothed initial terrain · ◌ = detected wall gap · hover for details
Inputs per minute
— CarbOS - - Sturdy Badger
Build order — CarbOS
First 150 of 295 actions detected
| 0:00 | Research | Loom |
| 0:01 | Research | Loom |
| 0:01 | Create | Villager (Male) |
| 0:03 | Build | House |
| 0:05 | Build | House |
| 0:06 | Create | Villager (Male) |
| 0:06 | Create | Villager (Male) |
| 0:07 | Create | Villager (Male) |
| 2:03 | Create | Villager (Male) |
| 2:03 | Create | Villager (Male) |
| 2:26 | Create | Villager (Male) |
| 2:51 | Create | Villager (Male) |
| 3:16 | Create | Villager (Male) |
| 3:16 | Create | Villager (Male) |
| 3:28 | Create | Villager (Male) |
| 3:28 | Create | Villager (Male) |
| 3:56 | Create | Villager (Male) |
| 4:13 | Build | House |
| 4:20 | Create | Villager (Male) |
| 4:20 | Create | Villager (Male) |
| 4:34 | Build | House |
| 4:55 | Create | Villager (Male) |
| 4:55 | Create | Villager (Male) |
| 4:55 | Create | Villager (Male) |
| 4:56 | Create | Villager (Male) |
| 5:04 | Build | Mill |
| 5:18 | Create | Villager (Male) |
| 5:18 | Create | Villager (Male) |
| 5:59 | Create | Villager (Male) |
| 6:38 | Create | Villager (Male) |
| 6:58 | Create | Villager (Male) |
| 7:05 | Build | Mill |
| 7:08 | Create | Villager (Male) |
| 7:21 | Build | House |
| 7:26 | Create | Villager (Male) |
| 7:40 | Create | Villager (Male) |
| 8:00 | Create | Villager (Male) |
| 8:00 | Create | Villager (Male) |
| 8:18 | Create | Villager (Male) |
| 8:31 | Build | Mining Camp |
| 8:34 | Create | Villager (Male) |
| 9:32 | Research | Feudal Age |
| 10:08 | Build | Barracks |
| 10:11 | Create | Villager (Male) |
| 10:15 | Build | House |
| 10:35 | Create | Villager (Male) |
| 10:44 | Create | Militia |
| 10:45 | Create | Militia |
| 10:45 | Create | Militia |
| 10:57 | Build | Palisade Wall |
| 10:58 | Build | Palisade Wall |
| 11:08 | Create | Militia |
| 11:20 | Create | Militia |
| 11:39 | Create | Militia |
| 11:39 | Create | Militia |
| 11:43 | Age | Feudal Age |
| 11:55 | Create | Villager (Male) |
| 12:01 | Create | Militia |
| 12:01 | Create | Militia |
| 12:18 | Create | Spearman |
| 12:26 | Create | Villager (Male) |
| 12:43 | Create | Villager (Male) |
| 12:48 | Create | Militia |
| 12:48 | Create | Militia |
| 13:11 | Research | Man-at-Arms (upgrade) |
| 13:24 | Create | Villager (Male) |
| 13:25 | Create | Villager (Male) |
| 13:38 | Build | Watch Tower |
| 13:40 | Create | Villager (Male) |
| 14:00 | Research | Wheelbarrow |
| 14:13 | Create | Villager (Male) |
| 14:50 | Create | Villager (Male) |
| 14:51 | Create | Villager (Male) |
| 15:22 | Create | Villager (Male) |
| 16:18 | Build | Lumber Camp |
| 16:23 | Create | Villager (Male) |
| 16:26 | Research | Town Watch |
| 16:26 | Create | Villager (Male) |
| 16:44 | Build | House |
| 17:34 | Build | Mining Camp |
| 17:39 | Create | Villager (Male) |
| 17:39 | Create | Villager (Male) |
| 17:40 | Create | Villager (Male) |
| 17:44 | Research | Stone Mining |
| 17:56 | Research | Double-Bit Axe |
| 18:46 | Build | Watch Tower |
| 18:55 | Create | Villager (Male) |
| 18:56 | Create | Villager (Male) |
| 18:59 | Build | House |
| 19:06 | Build | House |
| 20:50 | Build | House |
| 21:07 | Build | Market |
| 21:30 | Build | Blacksmith |
| 21:36 | Create | Villager (Male) |
| 21:36 | Create | Villager (Male) |
| 21:55 | Research | Castle Age |
| 22:05 | Research | Fletching |
| 22:10 | Build | Farm |
| 22:33 | Build | Farm |
| 22:48 | Build | Watch Tower |
| 22:55 | Build | House |
| 22:58 | Build | Palisade Wall |
| 23:00 | Build | Palisade Wall |
| 24:32 | Build | Watch Tower |
| 24:41 | Age | Castle Age |
| 24:42 | Create | Villager (Male) |
| 24:42 | Create | Villager (Male) |
| 24:56 | Build | Castle |
| 25:15 | Build | Farm |
| 25:17 | Build | Farm |
| 25:41 | Create | Huskarl |
| 25:54 | Build | Siege Workshop |
| 26:26 | Create | Villager (Male) |
| 26:37 | Build | Farm |
| 26:40 | Create | Battering Ram |
| 27:00 | Build | Farm |
| 27:01 | Create | Villager (Male) |
| 27:09 | Build | House |
| 27:26 | Create | Villager (Male) |
| 27:30 | Build | Farm |
| 27:47 | Create | Mangonel |
| 28:20 | Build | Town Center |
| 28:31 | Create | Huskarl |
| 28:33 | Create | Villager (Male) |
| 28:46 | Create | Villager (Male) |
| 29:00 | Create | Villager (Male) |
| 29:04 | Build | Farm |
| 29:06 | Build | Farm |
| 29:22 | Create | Villager (Male) |
| 29:26 | Build | Farm |
| 29:47 | Create | Mangonel |
| 29:58 | Build | Farm |
| 30:03 | Build | Farm |
| 30:08 | Build | Farm |
| 30:09 | Create | Villager (Male) |
| 30:10 | Create | Villager (Male) |
| 30:11 | Create | Villager (Male) |
| 30:39 | Create | Villager (Male) |
| 30:43 | Research | Horse Collar |
| 30:47 | Build | Farm |
| 30:57 | Build | Town Center |
| 31:02 | Create | Villager (Male) |
| 31:02 | Create | Villager (Male) |
| 31:40 | Create | Villager (Male) |
| 31:40 | Create | Villager (Male) |
| 31:41 | Create | Villager (Male) |
| 32:01 | Create | Villager (Male) |
| 32:02 | Create | Villager (Male) |
| 32:15 | Create | Villager (Male) |
| 32:47 | Build | Town Center |
Build order — Sturdy Badger
First 150 of 473 actions detected
| 0:00 | Create | Villager (Male) |
| 0:01 | Create | Villager (Male) |
| 0:02 | Build | House |
| 0:04 | Build | House |
| 0:10 | Create | Villager (Male) |
| 0:11 | Create | Villager (Male) |
| 0:11 | Create | Villager (Male) |
| 1:52 | Create | Villager (Male) |
| 1:52 | Create | Villager (Male) |
| 2:23 | Create | Villager (Male) |
| 2:51 | Create | Villager (Male) |
| 3:12 | Create | Villager (Male) |
| 3:37 | Create | Villager (Male) |
| 3:46 | Build | House |
| 3:49 | Create | Villager (Male) |
| 4:11 | Build | Lumber Camp |
| 4:23 | Create | Villager (Male) |
| 5:01 | Create | Villager (Male) |
| 5:02 | Create | Villager (Male) |
| 5:02 | Create | Villager (Male) |
| 6:17 | Create | Villager (Male) |
| 6:17 | Research | Loom |
| 6:47 | Build | Mill |
| 6:52 | Create | Villager (Male) |
| 6:54 | Build | House |
| 7:23 | Build | House |
| 7:30 | Create | Villager (Male) |
| 7:48 | Create | Villager (Male) |
| 7:48 | Create | Villager (Male) |
| 8:15 | Create | Villager (Male) |
| 8:17 | Build | Mill |
| 8:22 | Research | Feudal Age |
| 8:49 | Build | Mining Camp |
| 9:01 | Build | House |
| 10:05 | Build | Barracks |
| 10:14 | Build | House |
| 10:21 | Create | Villager (Male) |
| 10:29 | Build | Palisade Wall |
| 10:30 | Build | Palisade Gate |
| 10:32 | Age | Feudal Age |
| 10:39 | Create | Villager (Male) |
| 11:03 | Build | Watch Tower |
| 11:05 | Create | Militia |
| 11:06 | Create | Militia |
| 11:06 | Create | Militia |
| 11:10 | Build | Palisade Gate |
| 11:16 | Create | Villager (Male) |
| 11:19 | Create | Militia |
| 11:20 | Create | Militia |
| 11:20 | Create | Militia |
| 11:23 | Create | Villager (Male) |
| 11:33 | Research | Man-at-Arms (upgrade) |
| 11:34 | Research | Arson |
| 11:57 | Create | Militia |
| 12:23 | Create | Militia |
| 12:29 | Create | Villager (Male) |
| 12:29 | Create | Villager (Male) |
| 12:40 | Research | Double-Bit Axe |
| 12:40 | Research | Double-Bit Axe |
| 12:42 | Create | Militia |
| 13:08 | Create | Militia |
| 13:17 | Create | Villager (Male) |
| 13:18 | Create | Villager (Male) |
| 13:18 | Create | Villager (Male) |
| 13:18 | Create | Villager (Male) |
| 13:33 | Create | Militia |
| 13:36 | Build | Archery Range |
| 13:44 | Build | Palisade Gate |
| 14:24 | Build | House |
| 14:28 | Create | Archer |
| 14:29 | Create | Archer |
| 14:29 | Create | Archer |
| 14:47 | Create | Villager (Male) |
| 14:50 | Build | Farm |
| 14:50 | Build | Farm |
| 14:50 | Build | Farm |
| 14:50 | Build | Farm |
| 14:51 | Build | Farm |
| 14:51 | Build | Farm |
| 14:52 | Create | Villager (Male) |
| 15:02 | Create | Villager (Male) |
| 15:21 | Create | Villager (Male) |
| 15:23 | Create | Villager (Male) |
| 15:23 | Create | Villager (Male) |
| 15:31 | Create | Archer |
| 15:51 | Build | Farm |
| 15:51 | Build | Farm |
| 15:52 | Build | Farm |
| 15:52 | Build | Farm |
| 15:52 | Build | Farm |
| 15:56 | Create | Archer |
| 15:58 | Create | Archer |
| 16:08 | Create | Villager (Male) |
| 16:30 | Build | Blacksmith |
| 16:37 | Create | Archer |
| 16:40 | Create | Villager (Male) |
| 16:42 | Build | Farm |
| 16:43 | Build | Farm |
| 17:02 | Create | Archer |
| 17:04 | Create | Archer |
| 17:22 | Create | Villager (Male) |
| 17:23 | Create | Archer |
| 17:29 | Research | Fletching |
| 17:44 | Create | Militia |
| 17:44 | Create | Archer |
| 18:16 | Create | Villager (Male) |
| 18:24 | Build | Farm |
| 18:24 | Build | Farm |
| 18:25 | Build | Farm |
| 18:25 | Build | Farm |
| 18:25 | Build | Farm |
| 18:25 | Build | Farm |
| 18:26 | Build | Farm |
| 18:26 | Build | Farm |
| 18:26 | Build | Farm |
| 18:38 | Create | Archer |
| 18:46 | Build | House |
| 18:46 | Build | House |
| 18:46 | Build | House |
| 19:04 | Create | Villager (Male) |
| 19:12 | Build | Market |
| 19:41 | Create | Villager (Male) |
| 19:44 | Build | Lumber Camp |
| 19:47 | Build | House |
| 19:49 | Create | Villager (Male) |
| 19:50 | Research | Horse Collar |
| 19:54 | Create | Villager (Male) |
| 20:12 | Create | Villager (Male) |
| 20:25 | Build | Watch Tower |
| 20:31 | Create | Villager (Male) |
| 20:32 | Create | Villager (Male) |
| 20:36 | Create | Archer |
| 20:37 | Create | Archer |
| 20:54 | Create | Archer |
| 21:00 | Build | Lumber Camp |
| 21:05 | Build | Mining Camp |
| 21:25 | Create | Villager (Male) |
| 21:28 | Build | Farm |
| 21:29 | Build | Farm |
| 21:29 | Build | Farm |
| 21:29 | Build | Farm |
| 21:43 | Create | Villager (Male) |
| 22:04 | Build | House |
| 22:08 | Build | House |
| 22:26 | Research | Castle Age |
| 22:35 | Create | Villager (Male) |
| 22:48 | Research | Gold Mining |
| 22:48 | Research | Gold Mining |
| 23:28 | Create | Archer |
| 23:34 | Create | Villager (Male) |
Match timeline
| 10:05 | Sturdy Badger · first_building Barracks |
| 10:08 | CarbOS · first_building Barracks |
| 10:29 | Sturdy Badger · wall_segment Palisade Wall x5 |
| 10:32 | Sturdy Badger · age_up feudal |
| 10:57 | CarbOS · wall_segment Palisade Wall x4 |
| 10:58 | CarbOS · wall_segment Palisade Wall x1 |
| 11:43 | CarbOS · age_up feudal |
| 13:36 | Sturdy Badger · first_building Archery Range |
| 19:57 | Sturdy Badger · first_market_buy 500 food |
| 20:05 | Sturdy Badger · first_market_sell 100 food |
| 21:43 | CarbOS · first_market_buy 100 food |
| 21:49 | CarbOS · first_market_sell 100 stone |
| 22:58 | CarbOS · wall_segment Palisade Wall x1 |
| 23:00 | CarbOS · wall_segment Palisade Wall x1 |
| 24:41 | CarbOS · age_up castle |
| 24:56 | CarbOS · first_building Castle |
| 25:06 | Sturdy Badger · age_up castle |
| 25:20 | Sturdy Badger · first_building Siege Workshop |
| 25:54 | CarbOS · first_building Siege Workshop |
| 32:07 | Sturdy Badger · first_building Castle |
| 34:09 | Sturdy Badger · wall_segment Stone Wall x5 |
| 40:03 | Sturdy Badger · age_up imperial |
| 46:16 | Sturdy Badger · first_building Monastery |
| 51:39 | Sturdy Badger · first_building Stable |
| 54:34 | CarbOS · resign |
[ AI ANALYSIS · 1 CREDIT ]
What really happened in this match?
Wolo.gg analyzes every decision: build order, eco, micro, common mistakes by bracket. Personalized analysis on WhatsApp or Discord in 30 seconds.
Civ guide
Goths
Map guide
Border Dispute
Perfil
Jugador #21046921